Map: Acropolis LE

Players

Djorn - Winner!

  • Race: Protoss Protoss
  • Spawn Location: 11:00

A.I. 1 (Very Easy)

  • Race: Zerg Zerg
  • Spawn Location: 5:00

VOD

Have the link to the VOD?

Description

Time

  • Played on: Aug. 22, 2019, 11:01 p.m.
  • Length: 5:12
Show
View Real Time Build Order
Export as new Build Order

Djorn Protoss - Winner!

Build Orders:  

Get SALT Encoding   

  12  0:03  Probe  
  13  0:24  Probe  
  13  0:25  Pylon  
  14  0:37  Probe  
  15  0:46  Probe  
  15  0:48  Gateway  
  16  0:54  Probe  
  16  0:55  Assimilator  
  16  1:03  Probe  
  18  1:15  Probe  
  19  1:52  Cybernetics Core  
  19  1:54  Probe  
  20  2:06  Probe  
  20  2:07  Zealot  
  23  2:18  Pylon  
  23  2:28  Warp Gate  
  23  2:32  Adept  
  23  2:35  Assimilator  
  23  2:36  Probe  
  26  3:01  Probe  
  27  3:09  Adept  
  29  3:13  Probe  
  30  3:20  Robotics Facility  
  30  3:25  Pylon  
  30  3:33  Gateway  
  30  3:36  Gateway  
  30  3:38  Gateway  
  30  3:41  Gateway  
  30  3:42  Gateway  
  30  3:43  Gateway  
  30  3:47  Gateway  
  30  4:00  Adept  
  32  4:06  Warp Prism  
  34  4:15  Probe  
  35  4:56  Twilight Council  
Show
View Real Time Build Order
Export as new Build Order

A.I. 1 (Very Easy) Zerg 

Build Orders: Pool Only 

Get SALT Encoding   

  12  0:00  Drone  
  13  0:12  Overlord  
  13  0:16  Drone  
  14  0:36  Spawning Pool  
  14  0:37  Extractor  
  14  0:39  Drone  
  13  0:46  Drone  
  14  0:51  Overlord  
  14  1:22  Queen  
  14  1:23  Zergling x2  
  17  1:29  Roach Warren  
  17  1:32  Drone  
  17  1:36  Extractor  
  16  1:41  Drone  
  16  1:42  Zergling x2  
  18  1:55  Drone  
  18  2:00  Zergling x2  
  20  2:06  Drone  
  21  2:16  Drone  
  22  2:27  Drone  
  22  2:28  Overlord  
  23  2:34  Drone  
  24  2:41  Drone  
Tags
 
Matchup
PvZ
Opening
Pool Only
Replay Pack
sc2replays
Spawn Locations
Cross Positions
Add a new tag
Caveats
  • Supply blocks, unpowered buildings, or Contaminate may cause inaccurate times.
  • Supply counts are checked every 10 seconds.